 Dungeon Crawl Stone Soup version 0.18-a0-1526-gcb34c7c (webtiles) character file.

840021 dorian the Axe Maniac (level 27, -1/250 HPs)
             Began as a Formicid Abyssal Knight on Mar 8, 2016.
             Was the Champion of Lugonu.
             Killed by divine providence
             ... invoked by a smoke demon
              (16 damage)
             ... on level 2 of the Abyss.
             The game lasted 05:22:13 (92640 turns).

dorian the Axe Maniac (Formicid Abyssal Knight)    Turns: 92640, Time: 05:22:14

Health: -1/250     AC: 42    Str: 26    XL:     27
Magic:  52/53      EV: 10    Int: 33    God:    Lugonu [******]
Gold:   6957       SH: 26    Dex: 11    Spells: 11 memorised, 13 levels left

rFire  + . .     SeeInvis +     Z - +9 executioner's axe (chop)
rCold  + + .     Gourm    .     w - +8 orange crystal plate armour {Archmagi, Int+3 Clar SustAt}
rNeg   + + +     Faith    .     N - +2 large shield {rN+}
rPois  +         Spirit   .     (helmet unavailable)
rElec  .         Dismiss  .     V - +2 cloak "Wuskeoje" {+Fly rC+ Int+2}
rCorr  +         Reflect  .     K - +2 pair of fencer's gloves {LBl+4 SBl+4 EV+3 Dex+6}
SustAt +         Harm     .     x - +2 pair of boots {Fly}
MR     ++...     Clarity  +     B - amulet of Intousod {rPois Regen+ Int+10 Dex-5}
Stlth  ..........               e - ring of Duak {SustAt Fragile rF+ rC+ rN++}
                                C - ring of resist corrosion

@: silence, flying, very resistant to hostile enchantments, extremely unstealthy
A: permanent stasis, dig shafts and tunnels, four strong arms, antennae 3, fangs
1, hooves 2, yellow scales 1, blurry vision 1, clever 1, deformed body,
deterioration 1, high mp 1, robust 1, screaming 1, subdued magic 1
a: Dig, Shaft Self, Renounce Religion, Stop Flying
}: 5/15 runes: decaying, serpentine, slimy, silver, abyssal


You were on level 2 of the Abyss.
You worshipped Lugonu.
Lugonu was exalted by your worship.
You were hungry.

You visited 12 branches of the dungeon, and saw 61 of its levels.
You visited the Abyss 4 times.
You visited 1 bazaar.
You visited 1 ziggurat, and saw 10 of its levels.

You collected 9362 gold pieces.
You spent 2405 gold pieces at shops.

Inventory:

Hand Weapons
 Z - a +9 executioner's axe of chopping (weapon)
Armour
 w - the +8 orange crystal plate armour (worn) {Archmagi, Int+3 Clar SustAt}
   (You found it on level 1 of the Depths)

   It affects your intelligence (+3).
   It sustains your strength, intelligence and dexterity.
   It protects you against confusion.
 x - a +2 pair of boots of flying (worn)
 K - the +2 pair of fencer's gloves (worn) {LBl+4 SBl+4 EV+3 Dex+6}
   (You found it on level 3 of the Elven Halls)

   It affects your evasion (+3).
   It affects your dexterity (+6).
 N - a +2 large shield of positive energy (worn)
 V - the +2 cloak "Wuskeoje" (worn) {+Fly rC+ Int+2}
   (You found it on level 5 of the Vaults)

   It affects your intelligence (+2).
   It protects you from cold.
   It lets you fly.
Jewellery
 d - an uncursed amulet of guardian spirit {unknown}
 e - the ring of Duak (right hand) {SustAt Fragile rF+ rC+ rN++}
   (You found it on level 3 of the Depths)

   [ring of sustain attributes]

   It sustains your strength, intelligence and dexterity.
   It protects you from fire.
   It protects you from cold.
   It greatly protects you from negative energy.
   It will be destroyed if unequipped.
 h - a +4 ring of slaying
 B - the amulet of Intousod (around neck) {rPois Regen+ Int+10 Dex-5}
   (You found it on level 3 of the Crypt)

   [amulet of regeneration]

   It affects your intelligence (+10).
   It affects your dexterity (-5).
   It protects you from poison.
   It increases your rate of regeneration.
 C - a ring of resist corrosion (left hand)
Wands
 o - a wand of lightning (7/15)
 F - a wand of acid (10/15)
Scrolls
 b - a scroll of summoning
 f - a scroll of silence
 i - a scroll of identify
 k - 12 scrolls of fog
 m - 3 scrolls of holy word
 p - a scroll of fear
 r - 33 scrolls of remove curse
 P - 5 scrolls of immolation
Potions
 j - 13 potions of curing
 n - 5 potions of cancellation
 s - a potion of resistance
 v - 4 potions of might
 E - 2 potions of magic
Miscellaneous
 D - a phantom mirror
 W - a legendary deck of defence {the Elixir}
Comestibles
 a - a beef jerky
 c - 17 bread rations


   Skills:
 - Level 21.0 Fighting
 O Level 27 Axes
 - Level 21.8 Armour
 - Level 0.8 Dodging
 - Level 22.0 Shields
 + Level 21.5 Spellcasting
 - Level 2.2 Conjurations
 - Level 17.2 Hexes
 - Level 18.4 Charms
 + Level 5.9 Transmutations
 - Level 6.4 Air Magic
 - Level 17.0 Earth Magic
 - Level 15.8 Invocations


You had 13 spell levels left.
You knew the following spells:

 Your Spells              Type           Power        Failure   Level  Hunger
a - Swiftness             Chrm/Air       #######.     0%          2    None
b - Passwall              Trmt/Erth      #######...   1%          2    None
c - Passage of Golubria   Tloc           N/A          85%         4    None
d - Silence               Hex/Air        #######...   1%          5    None
e - Deflect Missiles      Chrm/Air       #######...   5%          6    None
f - Regeneration          Chrm/Necr      #######...   1%          3    None
g - Statue Form           Trmt/Erth      #######..    9%          6    None
h - Lehudib's Crystal Sp  Conj/Erth      #######...   100%        8    ####...
i - Shatter               Erth           #######...   100%        9    #####..
j - Iron Shot             Conj/Erth      #######...   17%         6    None
k - Bolt of Magma         Conj/Fire/Erth ######....   11%         5    None


Dungeon Overview and Level Annotations

Branches:
Dungeon (15/15)            Temple (0/1) D:5            Lair (8/8) D:11
  Swamp (4/4) Lair:3        Snake (4/4) Lair:4        Slime (6/6) Lair:6
    Orc (2/2) D:9             Elf (3/3) Orc:2        Vaults (5/5) D:13
  Crypt (3/3) Vaults:2       Tomb (0/3) Crypt:3      Depths (5/5) D:15
   Hell (1/1)                 Dis (0/7) Hell            Geh (0/7) Hell
    Coc (0/7) Hell            Tar (0/7) Hell            Zot (5/5) Depths:5

Altars:
Fedhas
Gozag
Kikubaaqudgha
Makhleb
Sif Muna
Vehumet
Xom
Beogh
Jiyva

Shops:
D:5 (}   D:7 [   D:13 [   Orc:1 =   Orc:2 [(*=   Elf:2 [   Snake:2 ?
Vaults:2 *

Portals:
Hell: Lair:8 Depths:1 Depths:2 Depths:3 Depths:4 Depths:5
Abyss: Depths:4
Pandemonium: Depths:2 Depths:3

Annotations:
Lair:4 exclusion: oklob plant
Lair:7 exclusion: oklob plant
Elf:2 5 runed doors
Depths:3 exclusion: orange crystal statue
Abyss:1 Menkaure


Innate Abilities, Weirdness & Mutations

You are under a permanent stasis effect.
You can dig through walls and to a lower floor.
Your four strong arms can wield two-handed weapons with a shield.
You have a pair of large antennae on your head (SInv).
You have very sharp teeth.
You have hoof-like feet.
You are partially covered in yellow scales (AC +2).
Scrolls take you a little longer to read.
Your mind is acute. (Int +2)
Armour fits poorly on your strangely shaped body.
Your body sometimes deteriorates upon taking damage.
You have an increased reservoir of magic (+10% MP).
You are robust (+10% HP).
You occasionally shout uncontrollably at your foes.
Your spells are a little easier to cast, but a little less powerful.


Message History

You kill the ufetubus!
You slice the ufetubus like a ripe choko!!!
You kill the ufetubus!
You block the shadow wraith's attack.
You slice the ufetubus!!
You kill the ufetubus!
You hit the shadow wraith but do no damage.
The shadow wraith is lightly damaged.
You chop the ufetubus into pieces!!!
You kill the ufetubus!
You slash the shadow wraith!
The shadow wraith is moderately damaged.
You block the shadow wraith's attack.
You slice the shadow wraith like a ripe choko!!!
You destroy the shadow wraith!
You slash the ynoxinul!
The ynoxinul is almost dead.
The smoke demon gestures at you. Something smites you!
You die...

# # . # #. ..
##!#. . ##.. #
# !. #####....
##### .# # .
#..#...# ....#
.. .
#.....##.#..#
.#
#......#3.#.#
.. ..# ## #
##.(ยง...# .
#.#.# #
###X#3### #. ..
. # #...@..# #
# #
#.#..#..(..# #
.
..##..#.##=#"##
# #. ##...##
:$..# .#.#####
#.. ..##.# #.#
... { ..$ . ..
. #. .. . .


You could see a large abomination, a smoke demon and a ynoxinul.

Vanquished Creatures
  the Royal Jelly (Slime:6)
  Dissolution (Slime:4)
  10 ancient liches
  4 orbs of fire
  2 juggernauts
  Boris (Depths:4)
  the Lernaean hydra (Swamp:4)
  Margery (Vaults:3)
  Saint Roka (Elf:3)
  The ghost of nublet the Bewitcher, a veteran DsEn of Okawaru (Vaults:5)
  4 iron giants
  Geryon (Hell)
  7 curse toes
  The ghost of Goblin1989 the Slayer, a legendary GrFi of Gozag (Zig:9)
  5 Killer Klowns
  10 golden dragons
  5 bone dragons
  2 profane servitors
  Xtahua (Crypt:3)
  4 liches
  Jorgrun (Crypt:1)
  5 electric golems
  15 tentacled monstrosities
  A hellephant (Abyss:1)
  25 Orb Guardians (Zot:5)
  2 quicksilver dragons
  2 deep elf master archers (Elf:3)
  A titan (shapeshifter) (Vaults:5)
  Asterion (Snake:3)
  An Executioner (Abyss:1)
  2 deep elf blademasters (Elf:3)
  4 titans
  24 acid blobs
  An eldritch tentacle (Vaults:5)
  Kirke (D:13)
  7 tentacled starspawn
  A thorn hunter (Swamp:3)
  4 ancient champions
  6 death cobs
  16 storm dragons
  10 shadow dragons
  9 greater nagas
  3 revenants
  3 tengu reavers
  The ghost of Galewind the Scorcher, an adept DECj of Vehumet (Elf:1)
  12 draconian monks
  Roxanne (Snake:3)
  An azure jelly (shapeshifter) (Depths:3)
  Wiglaf (Depths:2)
  11 fire giants
  8 draconian knights
  13 azure jellies
  9 frost giants
  17 vault wardens
  3 ghost moths
  2 iron dragons (Depths:4)
  9 draconian zealots
  6 deep elf elementalists
  An orc warlord (Vaults:1)
  9 deep elf sorcerers
  7 draconian scorchers
  A balrug (Hell)
  9 draconian shifters
  A frost giant (shapeshifter) (Vaults:5)
  A cacodemon (Hell)
  14 draconian annihilators
  2 curse skulls (Crypt:1)
  7 war gargoyles
  6 ghouls
  21 ironheart preservers
  2 spriggan defenders (Depths:5)
  26 very ugly things
  2 reapers
  5 draconian callers
  A caustic shrike skeleton (Depths:4)
  An apis (shapeshifter) (Depths:3)
  24 stone giants
  The ghost of mrath the Basher, a journeyman MiFi of Okawaru (Lair:6)
  A lorocyproca (Hell)
  7 vampire knights
  6 salamander stormcallers
  16 black draconians
  8 deep elf demonologists
  17 green draconians
  Azrael (D:15)
  15 white draconians
  13 deep elf annihilators
  17 yellow draconians
  17 purple draconians
  2 dire elephants (shapeshifter) (Depths:3)
  Snorg (Lair:6)
  11 spark wasps
  13 mottled draconians
  14 deep elf death magi
  2 eidola (Crypt:2)
  28 fire dragons
  18 red draconians
  9 death oozes
  2 ettins (shapeshifter) (Depths:3)
  26 vault guards
  4 blizzard demons
  A mummy priest (Zig:3)
  14 ettins
  Erolcha (D:13)
  7 crystal guardians (Depths:3)
  16 jiangshi (Crypt:3)
  20 ice dragons
  20 yaktaur captains
  6 deep elf high priests
  8 entropy weavers
  22 great orbs of eyes
  An ice dragon (shapeshifter) (Depths:3)
  A great orb of eyes (shapeshifter) (Depths:3)
  3 quicksilver dragon skeletons
  14 naga warriors
  15 hydras
  7 rakshasas
  8 ogre magi
  6 death knights
  A ghost crab (Swamp:3)
  4 spriggan air magi
  12 centaur warriors
  29 anacondas
  9 deep troll shamans
  27 dancing weapons
  2 death yaks
  9 tengu warriors
  6 deep troll earth magi
  5 alligators
  17 shock serpents
  10 hell hogs
  14 naga sharpshooters
  A titan zombie (Depths:4)
  4 vampire magi
  4 soul eaters
  11 thrashing horrors
  3 spriggan berserkers
  Urug (Abyss:1)
  3 orc high priests (Orc:2)
  26 deep elf knights
  2 wretched stars
  23 hell knights
  5 golden dragon zombies
  6 sun demons
  An iron golem (Hell)
  7 iron trolls
  27 skeletal warriors
  3 spatial maelstroms
  A spark wasp zombie (Zig:6)
  An anaconda zombie (Hell)
  A death drake (Abyss:1)
  2 fire crabs
  A titan skeleton (Depths:1)
  5 salamander mystics
  A quicksilver dragon simulacrum (Crypt:3)
  28 deep trolls
  A giant orange brain (shapeshifter) (Depths:3)
  7 giant orange brains
  2 sea snakes (shapeshifter)
  An unseen horror (shapeshifter) (Vaults:4)
  5 unseen horrors
  6 shadow wraiths
  A ghost moth zombie (Hell)
  21 deep elf archers
  11 flayed ghosts
  A shambling mangrove (Swamp:1)
  An anaconda skeleton (Hell)
  3 spriggan druids
  6 hill giants
  A tengu zombie (Depths:1)
  Pikel (Abyss:1)
  13 necromancers
  3 sea snakes
  3 obsidian statues (Depths:3)
  10 swamp dragons
  11 naga ritualists
  12 ironbrand convokers
  2 shadow dragon zombies
  A hill giant (shapeshifter) (Vaults:5)
  2 sphinx zombies (Depths:1)
  10 orc knights
  An anubis guard (Zig:3)
  2 golden dragon skeletons (Depths:1)
  An anubis guard (shapeshifter) (D:15)
  4 harpies
  A harpy (shapeshifter) (Vaults:2)
  22 phantasmal warriors
  An oklob plant (Lair:6)
  5 wizards
  A wolf spider (shapeshifter) (Depths:3)
  5 griffons
  4 stone giant zombies
  2 fire giant zombies
  5 orc sorcerers
  7 shining eyes
  7 mana vipers
  A shadow dragon skeleton (Depths:1)
  82 deep elf magi
  2 iron dragon zombies
  58 ugly things
  5 sphinx skeletons
  2 cyclopes (shapeshifter) (Depths:3)
  7 worldbinders
  7 cyclopes
  A frost giant zombie (Hell)
  A griffon (shapeshifter) (Depths:3)
  6 hornets
  A moth of wrath (shapeshifter) (Depths:3)
  5 sixfirhies
  35 moths of wrath
  11 salamanders
  2 apocalypse crabs
  62 black mambas
  3 rust devils
  2 octopodes (shapeshifter)
  A guardian serpent (shapeshifter) (Vaults:2)
  3 spriggan zombies
  4 eyes of devastation
  2 fire giant skeletons
  32 naga magi
  2 titan simulacra
  A frost giant skeleton (Zig:9)
  A stone giant skeleton (Zig:2)
  5 molten gargoyles
  3 centaur zombies
  7 elephants (Lair:8)
  2 water nymphs (shapeshifter)
  9 guardian serpents (Snake:4)
  7 smoke demons
  11 vault sentinels
  3 ice statues
  A storm dragon simulacrum (Depths:4)
  A spiny frog (shapeshifter) (Vaults:4)
  2 rime drakes (Lair:8)
  A gargoyle (D:12)
  21 spiny frogs
  3 hellions
  5 spectral swamp worms (Depths:5)
  An efreet (D:14)
  7 orange demons
  A rime drake (shapeshifter) (D:15)
  4 komodo dragons
  A dire elephant skeleton (Hell)
  10 freezing wraiths
  An anaconda simulacrum (Crypt:3)
  4 kobold demonologists
  4 hellwings
  An elf zombie (Depths:1)
  A white draconian skeleton (Crypt:1)
  4 ice devils
  2 guardian mummies (Zig:3)
  2 ancient zymes
  A grey draconian skeleton (Crypt:1)
  2 hydra zombies (Hell)
  5 red devils
  55 yaktaurs
  A tormentor (Abyss:4)
  3 tengu conjurers
  A purple draconian skeleton (Crypt:2)
  A queen bee (shapeshifter) (Depths:2)
  2 wolf spider simulacra
  A jumping spider (shapeshifter) (Depths:3)
  15 trolls
  A jumping spider (Depths:1)
  A two-headed ogre (shapeshifter) (Depths:2)
  A troll (shapeshifter) (Depths:4)
  A harpy skeleton (Hell)
  An iron troll skeleton (Crypt:1)
  4 boulder beetles
  A polar bear (Lair:5)
  A blink frog (shapeshifter) (Vaults:2)
  A sphinx simulacrum (Depths:4)
  14 two-headed ogres
  An ettin zombie (Zig:9)
  A hydra skeleton (Hell)
  A frost giant simulacrum (Depths:1)
  11 giant leeches
  9 blink frogs (Lair:8)
  203 slime creatures
  2 wind drakes (Depths:3)
  13 raiju
  8 bog bodies
  A stone giant simulacrum (Depths:1)
  Grinder (D:6)
  An ettin skeleton (Abyss:2)
  A snapping turtle (shapeshifter) (Vaults:3)
  An elf skeleton (Depths:1)
  53 flying skulls
  A redback (shapeshifter) (Depths:3)
  13 shadows
  2 yaks (shapeshifter)
  9 spriggans
  5 ynoxinuls
  An ice dragon skeleton (Hell)
  15 redbacks
  8 water elementals
  16 air elementals
  A spriggan skeleton (Zig:9)
  13 large abominations
  2 tarantellas (shapeshifter)
  A griffon skeleton (Crypt:1)
  10 hippogriffs
  42 yaks
  3 wyverns
  2 basilisks
  3 hogs (D:13)
  4 wraiths
  A human (shapeshifter) (Vaults:4)
  9 golden eyes
  2 steam dragons
  A steam dragon (shapeshifter) (Depths:3)
  16 fire elementals
  A hungry ghost (D:11)
  44 vampire mosquitoes
  A catoblepas simulacrum (Crypt:1)
  2 chaos spawn
  4 neqoxecs
  8 wargs
  20 wolves
  72 nagas
  19 swamp worms
  An infernal demonspawn zombie (Crypt:2)
  12 insubstantial wisps
  3 mottled dragons
  3 spatial vortices (Abyss:2)
  2 spiny frog zombies (Hell)
  A soldier ant (D:15)
  27 water moccasins
  2 hydra simulacra
  9 hell hounds
  10 porcupines
  15 small abominations
  A spriggan simulacrum (Depths:1)
  12 wasps
  2 ice beasts
  2 sky beasts
  43 orc warriors
  3 black bears
  33 ogres
  A snapping turtle zombie (Hell)
  15 swamp drakes
  A phantom (D:4)
  11 eyes of draining
  37 starcursed masses
  4 boggarts (Abyss:2)
  13 necrophages
  18 centaurs
  A snapping turtle skeleton (Crypt:1)
  22 crocodiles
  3 big kobolds
  A yaktaur zombie (Hell)
  Blork the orc (D:6)
  10 earth elementals
  22 giant frogs
  A dryad skeleton (Crypt:1)
  A wyvern zombie (D:14)
  A spiny frog simulacrum (Hell)
  A wyvern skeleton (D:15)
  4 wights (Crypt:1)
  13 killer bees
  4 scorpions
  A swamp dragon simulacrum (Hell)
  A raiju skeleton (Crypt:2)
  An electric eel (Lair:3)
  A howler monkey (D:11)
  A howler monkey (shapeshifter) (Vaults:5)
  9 crimson imps
  A wasp zombie (D:10)
  A giant frog zombie (D:5)
  5 quasits
  A hound (shapeshifter) (Vaults:5)
  4 hounds
  29 jellies
  21 orc priests
  Crazy Yiuf (D:3)
  4 centaur skeletons
  7 iron imps
  A demonspawn skeleton (Crypt:1)
  Ijyb (D:4)
  7 iguanas
  24 orc wizards
  16 worker ants
  A killer bee zombie (D:6)
  26 sheep
  A tengu skeleton (Crypt:2)
  A naga skeleton (Crypt:2)
  A hound zombie (D:11)
  3 mummies (Zig:3)
  2 worker ant zombies
  Robin (D:2)
  3 gnolls
  11 adders
  A steam dragon zombie (Crypt:1)
  46 river rats
  3 shadow imps
  4 white imps
  An ufetubus (Abyss:2)
  5 oozes
  A worm zombie (Crypt:2)
  An adder zombie (D:6)
  A halfling skeleton (Crypt:1)
  A sheep zombie (Crypt:1)
  3 adder skeletons
  A worm (D:2)
  4 ball lightnings (Depths:3)
  2 dart slugs (D:1)
  2 giant geckos
  88 orcs
  7 ball pythons
  10 bats
  5 giant cockroaches
  10 hobgoblins
  3 jackals (D:4)
  24 kobolds
  4 quokkas
  8 giant newts
  A giant newt skeleton (Crypt:2)
  22 goblins
  A jackal zombie (D:7)
  A quokka skeleton (D:5)
  4 rats
  5 briar patches (Swamp:3)
  3 crawling corpses (Vaults:5)
  2 fire vortices (Vaults:4)
  8 fungi
  A lurking horror (Abyss:2)
  6 plants
  16 starspawn tentacles
3468 creatures vanquished.

Vanquished Creatures (collateral kills)
  A frost giant (Depths:4)
  A komodo dragon (Swamp:2)
  A swamp worm (Swamp:2)
3 creatures vanquished.

Vanquished Creatures (others)
  2 orc warlords
  A vault guard (Vaults:2)
  A slime creature (Slime:2)
  2 fire dragons
  8 hydras
  3 death yaks
  An orc high priest (Orc:2)
  A spriggan rider (Swamp:3)
  The ghost of bl4d3 the Fighter, a novice GrFi of Okawaru (D:8)
  2 hill giants (D:11)
  2 deep elf magi
  An orc sorcerer (Orc:2)
  An ugly thing (Depths:3)
  A hornet (Swamp:3)
  A moth of wrath (Zot:3)
  A gargoyle (D:10)
  A queen bee (D:11)
  2 fire elementals (Depths:3)
  2 golden eyes (Slime:1)
  2 ogres
  An earth elemental (Depths:3)
  A killer bee (D:11)
  A crimson imp (D:4)
  5 ball lightnings (Depths:3)
  61 eldritch tentacle segments (Vaults:5)
  19 fungi
  12 lost souls
  A lurking horror (Abyss:4)
  16 plants
  9 starspawn tentacles
  74 starspawn tentacle segments
  10 toadstools (Lair:4)
246 creatures vanquished.

Grand Total: 3717 creatures vanquished

Notes
Turn   | Place    | Note
--------------------------------------------------------------
     0 | Abyss:1  | dorian the Formicid Abyssal Knight began the quest for the Orb.
     0 | Abyss:1  | Reached XP level 1. HP: 18/18 MP: 2/2
    56 | Abyss:1  | Noticed a large abomination
    56 | D:1      | Escaped the Abyss
   177 | D:1      | Reached XP level 2. HP: 24/24 MP: 3/3
   277 | D:1      | Reached * piety under Lugonu
   413 | D:1      | Reached XP level 3. HP: 21/29 MP: 5/5
   582 | D:1      | Reached skill level 3 in Axes
   974 | D:1      | Reached XP level 4. HP: 22/35 MP: 6/6
  1327 | D:2      | Noticed Robin
  1340 | D:2      | Reached ** piety under Lugonu
  1348 | D:2      | Killed Robin
  1355 | D:2      | Reached XP level 5. HP: 33/41 MP: 8/8
  1878 | D:3      | Found a deep blue altar of Sif Muna.
  2039 | D:3      | Noticed Crazy Yiuf
  2049 | D:3      | Killed Crazy Yiuf
  2049 | D:3      | Reached skill level 4 in Axes
  2339 | D:3      | Noticed a centaur
  2345 | D:3      | Killed a centaur
  2345 | D:3      | Reached skill level 5 in Invocations
  2345 | D:3      | Reached XP level 6. HP: 41/47 MP: 9/9
  2683 | D:4      | Reached *** piety under Lugonu
  2803 | D:4      | Reached skill level 5 in Axes
  2803 | D:4      | Reached XP level 7. HP: 50/52 MP: 11/11
  2866 | D:4      | Found a shimmering altar of Xom.
  3857 | D:4      | Reached skill level 6 in Axes
  3881 | D:4      | Reached XP level 8. HP: 30/58 MP: 13/13
  4533 | D:4      | Noticed Ijyb
  4544 | D:4      | Killed Ijyb
  4977 | D:5      | Entered Level 5 of the Dungeon
  5069 | D:5      | Found Urebb's Quality Used Wands.
  5081 | D:5      | Reached skill level 7 in Axes
  5150 | D:5      | Found Gucuz's Antique Weapon Emporium.
  5171 | D:5      | Bought a runed battleaxe for 162 gold pieces
  5275 | D:5      | Found a staircase to the Ecumenical Temple.
  5628 | D:6      | Noticed Menkaure
  5641 | D:6      | Banished Menkaure
  5832 | D:6      | Reached XP level 9. HP: 38/64 MP: 15/15
  5981 | D:6      | Reached **** piety under Lugonu
  6009 | D:6      | Reached skill level 8 in Axes
  6215 | D:6      | Noticed Grinder
  6222 | D:6      | Killed Grinder
  6369 | D:6      | Noticed Blork the orc
  6384 | D:6      | Killed Blork the orc
  6468 | D:6      | Noticed Pikel
  6469 | D:6      | Banished Pikel
  6469 | D:6      | Reached skill level 9 in Axes
  6847 | D:7      | Reached skill level 5 in Armour
  7026 | D:7      | Reached skill level 10 in Axes
  7205 | D:7      | Reached XP level 10. HP: 70/70 MP: 16/16
  7336 | D:7      | Found Someud's Antique Armour Shop.
  7342 | D:7      | Bought a glowing cloak for 144 gold pieces
  7614 | D:8      | Noticed bl4d3's ghost (novice GrFi)
  7617 | D:8      | Banished bl4d3's ghost
  8280 | D:8      | Reached skill level 11 in Axes
  8343 | D:8      | Found an opulent altar of Gozag.
  9663 | D:9      | Found a staircase to the Orcish Mines.
 10080 | D:10     | Entered Level 10 of the Dungeon
 10094 | D:10     | Noticed Urug
 10331 | D:10     | Reached skill level 12 in Axes
 10377 | D:10     | Reached ***** piety under Lugonu
 10439 | D:10     | Banished Urug
 10439 | D:10     | Reached XP level 11. HP: 75/75 MP: 17/17
 11481 | D:11     | Reached skill level 13 in Axes
 11593 | D:11     | Noticed a death yak
 11727 | D:11     | Noticed a death yak
 12009 | D:11     | Found a staircase to the Lair.
 12342 | D:11     | Got a crude pewter ring
 12343 | D:11     | Identified the ring "Yvvowiypn" {Int+4 Dex+3 Stlth-} (You found it on level 11 of the Dungeon)
 12413 | D:11     | Banished a death yak
 12420 | D:11     | Noticed a hill giant
 12421 | D:11     | Banished a hill giant
 12455 | D:11     | Banished a death yak
 12502 | D:11     | Noticed a hill giant
 12502 | D:11     | Banished a hill giant
 12930 | D:11     | Reached skill level 14 in Axes
 12978 | D:11     | Reached XP level 12. HP: 80/80 MP: 18/18
 13331 | Orc:1    | Entered Level 1 of the Orcish Mines
 13335 | Orc:1    | Noticed an orc warlord
 13521 | Lair:1   | Entered Level 1 of the Lair of Beasts
 13639 | Lair:1   | Reached skill level 10 in Armour
 13661 | Lair:1   | Found a radiant altar of Vehumet.
 13663 | Lair:1   | Got a wavering bronze ring
 13665 | Lair:1   | Identified the ring of Siyb {Ice rN+ Dex+5} (You found it on level 1 of the Lair of Beasts)
 14923 | Lair:2   | Noticed a seven-headed hydra
 14924 | Lair:2   | Banished a seven-headed hydra
 15534 | Lair:3   | Noticed a death yak
 15535 | Lair:3   | Noticed a death yak
 15746 | Lair:3   | Noticed a six-headed hydra
 15747 | Lair:3   | Banished a six-headed hydra
 15787 | Lair:3   | Reached skill level 5 in Fighting
 16474 | Lair:3   | Reached skill level 15 in Axes
 16525 | Lair:3   | Noticed a five-headed hydra
 16551 | Lair:3   | Noticed a death yak
 16551 | Lair:3   | You fall through a shaft!
 17010 | Lair:3   | Found a staircase to the Swamp.
 17251 | Lair:3   | Banished a death yak
 17251 | Lair:3   | Reached XP level 13. HP: 91/94 MP: 19/19
 17664 | Lair:3   | Banished a five-headed hydra
 18185 | Lair:4   | Found a blossoming altar of Fedhas.
 18351 | Lair:4   | Noticed a six-headed hydra
 18351 | Lair:4   | Banished a six-headed hydra
 18469 | Lair:4   | Found a staircase to the Snake Pit.
 19276 | Lair:5   | Gained mutation: You have large cloven feet. [potion of beneficial mutation]
 19540 | Lair:5   | Noticed a seven-headed hydra
 19543 | Lair:5   | Banished a seven-headed hydra
 20034 | Lair:6   | Noticed Snorg
 20041 | Lair:6   | Killed Snorg
 20212 | Lair:6   | Found a runed door.
 20223 | Lair:6   | Noticed mrath's ghost (journeyman MiFi)
 20233 | Lair:6   | Killed mrath's ghost
 20353 | Lair:6   | Found a viscous altar of Jiyva.
 20686 | Lair:7   | Reached skill level 16 in Axes
 21262 | Lair:7   | Reached XP level 14. HP: 74/108 MP: 20/20
 21401 | Lair:8   | Entered Level 8 of the Lair of Beasts
 22045 | Lair:8   | Reached skill level 10 in Fighting
 22997 | Lair:8   | Reached skill level 1 in Shields
 23532 | Lair:8   | Found a burning altar of Makhleb.
 23774 | Lair:8   | Reached skill level 5 in Shields
 24116 | Lair:8   | Found a gateway to Hell.
 24550 | Lair:1   | Gained mutation: You expend magic power (3 MP) to strengthen your wands. [potion of mutation]
 24550 | Lair:1   | Gained mutation: Your natural rate of healing is unusually fast. [potion of mutation]
 24550 | Lair:1   | Gained mutation: You are clumsy. (Dex -2) [potion of mutation]
 24551 | Lair:1   | Gained mutation: You are frail (-10% HP). [potion of mutation]
 24551 | Lair:1   | Gained mutation: You are partially covered in icy blue scales (AC +1). [potion of mutation]
 24551 | Lair:1   | Lost mutation: You are frail (-10% HP). [potion of mutation]
 24552 | Lair:1   | Gained mutation: Your flesh is cold resistant. [potion of mutation]
 24552 | Lair:1   | Lost mutation: Your flesh is cold resistant. [potion of mutation]
 24553 | Lair:1   | Gained mutation: You are robust (+10% HP). [potion of mutation]
 24553 | Lair:1   | Lost mutation: Your natural rate of healing is unusually fast. [potion of mutation]
 24553 | Lair:1   | Gained mutation: You have sharp fingernails. [potion of mutation]
 24681 | Orc:1    | Banished an orc warlord
 24770 | D:9      | Reached XP level 15. HP: 96/127 MP: 21/21
 25074 | Orc:1    | Found Ximiel's Jewellery Boutique.
 25119 | Orc:1    | Reached skill level 17 in Axes
 25310 | Orc:2    | Entered Level 2 of the Orcish Mines
 25310 | Orc:2    | Found Zij Sobashre's Antique Armour Boutique.
 25310 | Orc:2    | Noticed an orc warlord
 25311 | Orc:2    | Banished an orc warlord
 25630 | Orc:2    | Found a staircase to the Elven Halls.
 27218 | Orc:2    | Found Jasigavu's Antique Weapon Shop.
 27483 | Orc:2    | Found a roughly hewn altar of Beogh.
 27631 | Orc:2    | Found Onyosog's General Store.
 27639 | Orc:2    | Bought a potion of curing for 45 gold pieces
 27681 | Orc:2    | Found Jeara's Jewellery Shop.
 27883 | Orc:1    | Bought a +2 ring of slaying for 231 gold pieces
 28527 | D:12     | Noticed Sonja
 28528 | D:12     | Banished Sonja
 29531 | D:13     | Noticed Erolcha
 29540 | D:13     | Killed Erolcha
 29554 | D:13     | Found Avotwev's Armour Shop.
 30053 | D:13     | Found a gate to the Vaults.
 30169 | D:13     | Noticed Kirke
 30183 | D:13     | Killed Kirke
 30424 | D:14     | Reached skill level 18 in Axes
 30589 | D:14     | Reached XP level 16. HP: 111/135 MP: 23/23
 30803 | D:14     | Gained mutation: You have very sharp teeth. [mutagenic meat]
 30804 | D:14     | Gained mutation: You occasionally shout uncontrollably at your foes. [mutagenic meat]
 30805 | D:14     | Gained mutation: Your body sometimes deteriorates upon taking damage. [mutagenic meat]
 30806 | D:14     | Gained mutation: You are very robust (+20% HP). [mutagenic meat]
 30958 | D:14     | Found a radiant altar of Vehumet.
 31222 | D:14     | Found a roughly hewn altar of Beogh.
 31225 | D:14     | Reached ****** piety under Lugonu
 31475 | D:14     | Reached skill level 15 in Armour
 31729 | D:15     | Entered Level 15 of the Dungeon
 31807 | D:15     | Reached skill level 10 in Invocations
 32357 | D:15     | Noticed Azrael
 32370 | D:15     | Killed Azrael
 32884 | D:15     | Found a staircase to the Depths.
 33157 | D:15     | Lost mutation: You have large cloven feet. [mutagenic meat]
 33158 | D:15     | Gained mutation: Your flesh is cold resistant. [mutagenic meat]
 33160 | D:15     | Lost mutation: You are clumsy. (Dex -2) [potion of mutation]
 33160 | D:15     | Lost mutation: You occasionally shout uncontrollably at your foes. [potion of mutation]
 33160 | D:15     | Gained mutation: You are weak. (Str -2) [potion of mutation]
 33161 | D:15     | Gained mutation: Your spells are a little harder to cast, but a little more powerful. [potion of mutation]
 33206 | Depths:1 | Entered Level 1 of the Depths
 33206 | Depths:1 | Noticed a fire giant
 33539 | D:15     | Killed a fire giant
 34000 | Depths:1 | Reached skill level 10 in Shields
 34781 | Depths:1 | Reached XP level 17. HP: 154/154 MP: 25/25
 34789 | Depths:1 | Gained mutation: You are extremely robust (+30% HP). [mutagenic meat]
 34790 | Depths:1 | Gained mutation: You are agile. (Dex +2) [mutagenic meat]
 34791 | Depths:1 | Lost mutation: Your body sometimes deteriorates upon taking damage. [mutagenic meat]
 34847 | Depths:1 | Reached skill level 19 in Axes
 37958 | Depths:1 | Reached XP level 18. HP: 162/176 MP: 27/27
 38108 | Depths:1 | Noticed a bone dragon
 38140 | Depths:1 | Killed a bone dragon
 38394 | Depths:1 | Reached skill level 20 in Axes
 39028 | Swamp:1  | Entered Level 1 of the Swamp
 40224 | Swamp:2  | You fall through a shaft!
 40340 | Swamp:4  | Entered Level 4 of the Swamp
 40739 | Swamp:2  | Identified a scroll of acquirement
 40740 | Swamp:2  | Got a distressingly furry shield
 40751 | Swamp:2  | Identified the +4 shield of Impermeability {MR+ SInv} (You acquired it on level 2 of the Swamp)
 42557 | Swamp:4  | Reached XP level 19. HP: 155/184 MP: 29/29
 42711 | Swamp:4  | Noticed the 27-headed Lernaean hydra
 42720 | Swamp:4  | Killed the 21-headed Lernaean hydra
 43821 | Swamp:4  | Got a decaying rune of Zot
 44751 | Elf:1    | Entered Level 1 of the Elven Halls
 44767 | Orc:2    | Bought an uncursed ring of protection from fire for 375 gold pieces
 44767 | Orc:2    | Bought an uncursed ring of positive energy for 300 gold pieces
 45416 | Elf:1    | Got a smoking battleaxe
 45417 | Elf:1    | Identified the +10 battleaxe "Killer Bee's Doom" {venom, rN++ Int+5} (You acquired it on level 1 of the Elven Halls)
 45613 | Elf:1    | Noticed Galewind's ghost (adept DECj)
 45625 | Elf:1    | Killed Galewind's ghost
 45770 | Elf:1    | Identified the Almanac of Creation
 46406 | Elf:2    | Found Deumot's Antique Armour Boutique.
 46768 | Elf:2    | Found a huge runed gate.
 46768 | Elf:2    | Found a huge runed gate.
 46768 | Elf:2    | Found a huge runed gate.
 46771 | Elf:2    | Found a huge runed gate.
 46778 | Elf:2    | Found a huge runed gate.
 46813 | Elf:3    | Entered Level 3 of the Elven Halls
 46818 | Elf:3    | Reached skill level 21 in Axes
 46946 | Elf:3    | Reached skill level 15 in Invocations
 47134 | Elf:3    | Noticed Saint Roka
 47341 | Elf:2    | Reached XP level 20. HP: 147/198 MP: 31/31
 47579 | Elf:3    | Killed Saint Roka
 48708 | Elf:3    | Got a faintly glowing quarterstaff {distort}
 48708 | Elf:3    | Got an uncursed steaming whip {venom}
 48906 | Elf:3    | Got a transparent lapis lazuli ring
 48908 | Elf:3    | Identified the ring "Soiwiggo" {Int+5 Dex+6} (You took it off a deep elf knight on level 3 of the Elven Halls)
 49637 | Elf:3    | Identified the Catalogue of the Rocks and Confrontation (You found it on level 3 of the Elven Halls)
 50265 | Snake:1  | Entered Level 1 of the Snake Pit
 50268 | Snake:1  | Reached XP level 21. HP: 210/210 MP: 32/32
 52183 | Snake:2  | Found Voklu's Magic Scroll Boutique.
 52192 | Snake:2  | Bought a scroll of fog for 30 gold pieces
 52270 | Snake:2  | Got an ebony war axe {chop}
 52271 | Snake:2  | Identified the +5 war axe "Rummage" {chop, rElec rN+ Int+3 Dex+3} (You took it off a salamander on level 2 of the Snake Pit)
 52711 | Snake:3  | Noticed Roxanne
 52723 | Snake:3  | Killed Roxanne
 52751 | Snake:3  | Noticed Asterion
 52769 | Snake:3  | Killed Asterion
 52769 | Snake:3  | Reached skill level 15 in Shields
 53351 | Snake:4  | Entered Level 4 of the Snake Pit
 53880 | Snake:4  | Reached XP level 22. HP: 209/224 MP: 33/33
 54374 | Snake:4  | Reached skill level 22 in Axes
 55612 | Snake:4  | Got a serpentine rune of Zot
 55832 | Snake:3  | Reached skill level 15 in Fighting
 56064 | Vaults:1 | Entered Level 1 of the Vaults
 56987 | Vaults:1 | Learned a level 2 spell: Swiftness
 56990 | Vaults:1 | Learned a level 2 spell: Passwall
 56995 | Vaults:1 | Learned a level 4 spell: Passage of Golubria
 57020 | Vaults:1 | Reached XP level 23. HP: 214/235 MP: 34/34
 58002 | Vaults:2 | Found Akhiniz's General Store.
 58296 | Vaults:2 | Found a staircase to the Crypt.
 59259 | Vaults:3 | Lost mutation: You are extremely robust (+30% HP). [a shining eye]
 59475 | Vaults:3 | Reached XP level 24. HP: 197/229 MP: 34/34
 59650 | Vaults:3 | Noticed Margery
 59683 | Vaults:3 | Killed Margery
 60412 | Vaults:4 | Found a flickering gateway to a bazaar.
 60421 | Bazaar   | Entered a bazaar
 60421 | Bazaar   | Found Qioqek's Book Shoppe.
 60421 | Bazaar   | Found Culoovos's Jewellery Shop.
 60421 | Bazaar   | Found Sas Bate's General Store.
 60423 | Bazaar   | Found Cetoz's Jewellery Emporium.
 60474 | Bazaar   | Bought a potion of curing for 48 gold pieces
 60477 | Bazaar   | Bought a book of Enchantments for 850 gold pieces
 60485 | Bazaar   | Bought an uncursed ring of poison resistance for 200 gold pieces
 60485 | Bazaar   | Bought a cursed amulet of inaccuracy for 20 gold pieces
 60492 | Bazaar   | Learned a level 5 spell: Silence
 60499 | Bazaar   | Learned a level 6 spell: Deflect Missiles
 61439 | Crypt:1  | Entered Level 1 of the Crypt
 62357 | Crypt:1  | Noticed Jorgrun
 62371 | Crypt:1  | Killed Jorgrun
 62371 | Crypt:1  | Reached skill level 23 in Axes
 62821 | Crypt:2  | Gained mutation: You evolve. [potion of beneficial mutation]
 63132 | Crypt:2  | Found an ancient bone altar of Kikubaaqudgha.
 63457 | Crypt:3  | Entered Level 3 of the Crypt
 63500 | Crypt:3  | Noticed Xtahua
 63512 | Crypt:3  | Killed Xtahua
 63512 | Crypt:3  | Reached XP level 25. HP: 160/240 MP: 34/34
 63750 | Crypt:3  | Found an ancient bone altar of Kikubaaqudgha.
 64230 | Crypt:3  | Found a staircase to the Tomb.
 64230 | Crypt:3  | Noticed an ancient lich
 64246 | Crypt:3  | Killed an ancient lich
 64409 | Crypt:3  | Lost mutation: You are agile. (Dex +2) [evolution]
 65188 | Crypt:3  | Got a scintillating iron ring
 65197 | Crypt:3  | Got a warped diamond amulet
 65197 | Crypt:3  | Got a twitching glass ring
 65201 | Crypt:3  | Identified the amulet of Intousod {rPois Regen+ Int+10 Dex-5} (You found it on level 3 of the Crypt)
 65204 | Crypt:3  | Identified the ring of the Present {rF+ rN+ Str-4 Int+5 Stlth-} (You found it on level 3 of the Crypt)
 65205 | Crypt:3  | Identified the ring "Jodump" {+Inv rF+ rN+ Str-4 Stlth+} (You found it on level 3 of the Crypt)
 65214 | Crypt:3  | Learned a level 3 spell: Regeneration
 65680 | Lair:6   | Found a staircase to the Slime Pits.
 65721 | Slime:1  | Entered Level 1 of the Pits of Slime
 66029 | Slime:1  | Reached skill level 1 in Charms
 66902 | Slime:3  | Reached XP level 26. HP: 250/250 MP: 34/34
 66916 | Slime:3  | Gained mutation: You regenerate slowly when monsters are visible. [a shining eye]
 67127 | Slime:3  | Gained mutation: Your body sometimes deteriorates upon taking damage. [a shining eye]
 67130 | Slime:3  | Gained mutation: Armour fits poorly on your strangely shaped body. [a shining eye]
 67449 | Slime:4  | Found a viscous altar of Jiyva.
 67612 | Slime:4  | Noticed Dissolution
 67621 | Slime:4  | Killed Dissolution
 68009 | Slime:5  | Reached skill level 24 in Axes
 68214 | Slime:6  | Entered Level 6 of the Pits of Slime
 69056 | Slime:6  | Found a viscous altar of Jiyva.
 69138 | Slime:6  | Noticed the Royal Jelly
 69168 | Slime:6  | Killed the Royal Jelly
 69625 | Slime:6  | Got a slimy rune of Zot
 69627 | Slime:6  | Got a sparkling jade amulet
 69699 | Slime:6  | Got a translucent marble ring
 69755 | Slime:6  | Identified the amulet "Mitraufo" {Inacc rF+ rC+} (You found it on level 6 of the Pits of Slime)
 69757 | Slime:6  | Identified the ring of Apyer {Fire Str+5 Int+2} (You found it on level 6 of the Pits of Slime)
 69971 | Lair:1   | Lost mutation: Your spells are a little harder to cast, but a little more powerful. [potion of mutation]
 69972 | Lair:1   | Gained mutation: You are clumsy. (Dex -2) [potion of mutation]
 69974 | Lair:1   | Lost mutation: You evolve. [potion of mutation]
 69975 | Lair:1   | Lost mutation: You regenerate slowly when monsters are visible. [potion of mutation]
 69976 | Lair:1   | Gained mutation: You occasionally shout uncontrollably at your foes. [potion of mutation]
 69977 | Lair:1   | Lost mutation: You are weak. (Str -2) [potion of mutation]
 69977 | Lair:1   | Gained mutation: Your spells are a little easier to cast, but a little less powerful. [potion of mutation]
 69979 | Lair:1   | Lost mutation: You expend magic power (3 MP) to strengthen your wands. [potion of cure mutation]
 69979 | Lair:1   | Lost mutation: Your spells are a little easier to cast, but a little less powerful. [potion of cure mutation]
 69979 | Lair:1   | Lost mutation: Your flesh is cold resistant. [potion of cure mutation]
 69979 | Lair:1   | Lost mutation: You are partially covered in icy blue scales (AC +1). [potion of cure mutation]
 69979 | Lair:1   | Lost mutation: Armour fits poorly on your strangely shaped body. [potion of cure mutation]
 69980 | Lair:1   | Lost mutation: Your body sometimes deteriorates upon taking damage. [potion of cure mutation]
 69980 | Lair:1   | Lost mutation: You are very robust (+20% HP). [potion of cure mutation]
 69980 | Lair:1   | Lost mutation: You have sharp fingernails. [potion of cure mutation]
 69980 | Lair:1   | Lost mutation: You are robust (+10% HP). [potion of cure mutation]
 69980 | Lair:1   | Lost mutation: You are clumsy. (Dex -2) [potion of cure mutation]
 70442 | Depths:2 | Noticed Wiglaf
 70455 | Depths:2 | Killed Wiglaf
 70455 | Depths:2 | Reached XP level 27. HP: 219/219 MP: 34/34
 70686 | Depths:2 | Gained mutation: You are partially covered in yellow scales (AC +2). [mutagenic meat]
 70687 | Depths:2 | Gained mutation: You have an increased reservoir of magic (+10% MP). [mutagenic meat]
 70688 | Depths:2 | Gained mutation: You have large cloven feet. [mutagenic meat]
 70690 | Depths:2 | Gained mutation: Your muscles are strong. (Str +2) [mutagenic meat]
 70698 | Depths:2 | Gained mutation: Your mind is acute. (Int +2) [mutagenic meat]
 70699 | Depths:2 | Gained mutation: Your body sometimes deteriorates upon taking damage. [mutagenic meat]
 70736 | Depths:2 | Gained mutation: You are robust (+10% HP). [mutagenic meat]
 70825 | Depths:2 | Reached skill level 25 in Axes
 70916 | Depths:2 | Gained mutation: You are agile. (Dex +2) [mutagenic meat]
 70917 | Depths:2 | Gained mutation: You are very robust (+20% HP). [mutagenic meat]
 71081 | Depths:2 | Found a one-way gate leading to the halls of Pandemonium.
 71366 | Depths:3 | You fall through a shaft for 2 floors!
 71366 | Depths:5 | Entered Level 5 of the Depths
 71517 | Depths:5 | Found a gateway to a ziggurat.
 71529 | Zig:1    | Entered Level 1 of a ziggurat
 71565 | Zig:2    | Entered Level 2 of a ziggurat
 71594 | Zig:2    | Gained mutation: You have hoof-like feet. [potion of beneficial mutation]
 71596 | Zig:3    | Entered Level 3 of a ziggurat
 71667 | Zig:4    | Entered Level 4 of a ziggurat
 71698 | Zig:5    | Entered Level 5 of a ziggurat
 71813 | Zig:5    | Got a fine plate armour
 71814 | Zig:5    | Identified the +3 plate armour of the Ancient Wonders {+Fly rN+} (You acquired it on level 5 of a ziggurat)
 71817 | Zig:6    | Entered Level 6 of a ziggurat
 71861 | Zig:6    | Identified Vehumet's Tome of Combat Magic and Fire
 71869 | Zig:6    | Learned a level 4 spell: Sticky Flame
 71874 | Zig:7    | Entered Level 7 of a ziggurat
 71894 | Zig:7    | Reached skill level 26 in Axes
 72020 | Zig:8    | Entered Level 8 of a ziggurat
 72029 | Zig:8    | Noticed an iron giant
 72029 | Zig:8    | Noticed an iron giant
 72509 | Abyss:1  | Killed Urug
 72510 | Abyss:1  | Killed Pikel
 72957 | Zig:8    | Escaped the Abyss
 72973 | Zig:8    | Banished an iron giant
 72976 | Zig:8    | Killed an iron giant
 73177 | Zig:9    | Entered Level 9 of a ziggurat
 73182 | Zig:9    | Noticed Goblin1989's ghost (legendary GrFi)
 73218 | Zig:9    | Killed Goblin1989's ghost
 73262 | Zig:10   | Entered Level 10 of a ziggurat
 73304 | Zig:10   | Reached skill level 27 in Axes
 73582 | Zig:10   | Identified the Almanac of Mutagenic Conjuration (You found it on level 10 of a ziggurat)
 73586 | Zig:10   | Got a pitted marble ring
 73591 | Zig:10   | Identified the ring of the Middle {*Drain +Fly rC+ Str+3 Stlth-} (You found it on level 10 of a ziggurat)
 74158 | Depths:4 | Reached skill level 1 in Earth Magic
 74270 | Depths:4 | Reached skill level 5 in Earth Magic
 74663 | Depths:3 | Reached skill level 10 in Earth Magic
 74751 | Depths:3 | Reached skill level 1 in Spellcasting
 75187 | Depths:3 | Identified the Volume of Confrontation
 75256 | Depths:3 | Got a twitching ivory ring
 75257 | Depths:3 | Identified the ring of Duak {SustAt Fragile rF+ rC+ rN++} (You found it on level 3 of the Depths)
 75588 | Depths:3 | Reached skill level 5 in Spellcasting
 76356 | Depths:4 | Found a runed door.
 76363 | Depths:4 | Reached skill level 15 in Earth Magic
 76426 | Depths:4 | Found a one-way gate to the infinite horrors of the Abyss.
 76616 | Depths:4 | Noticed Boris
 76630 | Depths:4 | Killed Boris
 76772 | Depths:4 | Found a runed door.
 76772 | Depths:4 | Noticed an iron giant
 76806 | Depths:4 | Killed an iron giant
 77019 | Depths:4 | Got a crystal broad axe
 77027 | Depths:4 | Identified the +5 broad axe of Xobamuc {flame, rElec rPois Int+2} (You found it on level 4 of the Depths)
 77056 | Depths:4 | Noticed an iron giant
 77056 | Depths:4 | Noticed a juggernaut
 77288 | Depths:4 | Killed a juggernaut
 77295 | Depths:4 | Killed an iron giant
 77389 | Depths:4 | Noticed an iron giant
 77709 | Depths:4 | Killed an iron giant
 77871 | Depths:4 | Got a fine bronze ring
 77877 | Depths:4 | Identified the ring "Buot" {rPois MP-9 Str-4 Dex+8 SInv} (You found it on level 4 of the Depths)
 78263 | Depths:5 | Noticed a juggernaut
 78278 | Depths:5 | Killed a juggernaut
 78338 | Depths:5 | Reached skill level 10 in Spellcasting
 78427 | Depths:5 | Found a gate to the Realm of Zot.
 78512 | Depths:5 | Reached skill level 5 in Charms
 79111 | Lair:1   | Learned a level 8 spell: Lehudib's Crystal Spear
 79316 | Vaults:3 | Learned a level 9 spell: Shatter
 79487 | Vaults:5 | Entered Level 5 of the Vaults
 79487 | Vaults:5 | Noticed nublet's ghost (veteran DsEn)
 80018 | Vaults:5 | Killed nublet's ghost
 80055 | Vaults:5 | Noticed an ancient lich
 80351 | Vaults:4 | Killed an ancient lich
 80351 | Vaults:4 | Reached skill level 10 in Charms
 80581 | Vaults:5 | Reached skill level 1 in Hexes
 80688 | Vaults:5 | Noticed an ancient lich
 80700 | Vaults:5 | Killed an ancient lich
 80763 | Vaults:5 | Got a transparent platinum ring
 80773 | Vaults:5 | Got a silver rune of Zot
 80779 | Vaults:5 | Identified the Volume of Battle Magic (You found it on level 5 of the Vaults)
 80821 | Vaults:5 | Identified the Papyrus of Stolen Souls
 80914 | Vaults:5 | Noticed a juggernaut
 80914 | Vaults:5 | a caustic shrike changed into a juggernaut
 80915 | Vaults:5 | a juggernaut changed into a titan
 80986 | Vaults:5 | Reached skill level 5 in Hexes
 81294 | Vaults:5 | Got a scorched pewter amulet
 81341 | Vaults:5 | Identified Taetuum's Handbook of Arcane Weapons
 81589 | Vaults:5 | Identified the ring "Gijec" {rF+ Stlth-} (You took it off a yaktaur captain on level 5 of the Vaults)
 81590 | Vaults:5 | Identified the amulet "Bekk" {Faith rN+ MR++ Str+2 Stlth+} (You took it off a vault warden on level 5 of the Vaults)
 81593 | Vaults:5 | Got a translucent cloak
 81594 | Vaults:5 | Identified the +2 cloak "Wuskeoje" {+Fly rC+ Int+2} (You found it on level 5 of the Vaults)
 82463 | Zot:1    | Entered Level 1 of the Realm of Zot
 83228 | Zot:1    | Reached skill level 15 in Spellcasting
 83534 | Zot:2    | Reached skill level 10 in Hexes
 84081 | Zot:2    | Noticed an orb of fire
 84085 | Zot:2    | Lost mutation: You are agile. (Dex +2) [an orb of fire]
 84092 | Zot:2    | Gained mutation: Your spells are a little easier to cast, but a little less powerful. [an orb of fire]
 84095 | Zot:2    | Killed an orb of fire
 84607 | Zot:3    | Got a pair of pitted gloves
 84618 | Zot:3    | Identified the +2 pair of gloves of the Comet {Dex+4} (You acquired it on level 3 of the Realm of Zot)
 84638 | Zot:3    | Learned a level 6 spell: Iron Shot
 85651 | Zot:3    | Reached skill level 15 in Charms
 86780 | Zot:5    | Entered Level 5 of the Realm of Zot
 86809 | Zot:5    | Reached skill level 15 in Hexes
 87127 | Zot:5    | Noticed an ancient lich
 87143 | Zot:5    | Killed an ancient lich
 87766 | Zot:5    | Noticed an orb of fire
 87777 | Zot:5    | Gained mutation: You are clumsy. (Dex -2) [an orb of fire]
 87780 | Zot:5    | Killed an orb of fire
 88095 | Zot:5    | Noticed an ancient lich
 88109 | Zot:5    | Killed an ancient lich
 88166 | Zot:5    | Noticed an orb of fire
 88179 | Zot:5    | Gained mutation: Scrolls take you a little longer to read. [an orb of fire]
 88185 | Zot:5    | Gained mutation: Armour fits poorly on your strangely shaped body. [an orb of fire]
 88186 | Zot:5    | Lost mutation: Your muscles are strong. (Str +2) [an orb of fire]
 88191 | Zot:5    | Lost mutation: You are very robust (+20% HP). [an orb of fire]
 88200 | Zot:5    | Killed an orb of fire
 88606 | Zot:5    | Noticed an ancient lich
 88668 | Zot:5    | Killed an ancient lich
 88784 | Zot:5    | Noticed an orb of fire
 88793 | Zot:5    | Lost mutation: You are clumsy. (Dex -2) [an orb of fire]
 88797 | Zot:5    | Killed an orb of fire
 88878 | Zot:5    | Noticed an ancient lich
 88889 | Zot:5    | Killed an ancient lich
 89134 | Zot:5    | Noticed an ancient lich
 89142 | Zot:5    | Killed an ancient lich
 89486 | Zot:5    | Noticed an ancient lich
 89500 | Zot:5    | Reached skill level 1 in Air Magic
 89504 | Zot:5    | Killed an ancient lich
 89765 | Zot:5    | Noticed an ancient lich
 89772 | Zot:5    | Killed an ancient lich
 90022 | Hell     | Entered the Vestibule of Hell
 90168 | Hell     | Noticed Geryon
 90188 | Hell     | Killed Geryon
 90325 | Hell     | Reached skill level 5 in Air Magic
 90354 | Hell     | Found a gateway to the freezing wastes of Cocytus.
 90498 | Hell     | Found a gateway to the decaying netherworld of Tartarus.
 90647 | Hell     | Found a gateway to the ashen valley of Gehenna.
 90810 | Hell     | Found a gateway to the Iron City of Dis.
 91084 | Depths:4 | Voluntarily entered the Abyss.
 91143 | Abyss:2  | Found a corrupted altar of Lugonu.
 91219 | Abyss:4  | Found a corrupted altar of Lugonu.
 91303 | Abyss:4  | Reached skill level 1 in Conjurations
 91321 | Abyss:4  | Got an abyssal rune of Zot
 91343 | Depths:4 | Escaped the Abyss
 91604 | Depths:2 | Learned a level 6 spell: Statue Form
 91610 | Depths:2 | Learned a level 5 spell: Bolt of Magma
 91770 | Depths:4 | Voluntarily entered the Abyss.
 91843 | Abyss:1  | Reached skill level 1 in Transmutations
 92437 | Abyss:2  | Reached skill level 5 in Transmutations
 92632 | Abyss:2  | HP: 11/250 [tentacled monstrosity[a boggart] (12)]
 92640 | Abyss:2  | Killed from afar by a smoke demon

Vault maps used:
D:1:      saegor_arrival_simple_c, kennysheep_decorative_pillar
D:2:      uniq_robin
D:3:      nicolae_overflow_crystal_walls, uniq_crazy_yiuf_cottage
D:4:      kennysheep_goblin_castle, led_xom_imps
D:5:      minmay_temple_entry_purple_smoke, serial_shops,
          nicolae_shop_statue_plus, first_bread, nicolae_for_you_no_charge
D:6:      minmay_misc_feat_pillars, uniq_blork_the_orc, uniq_pikel,
          uniq_menkaure, uniq_grinder
D:7:      serial_shops, shop
D:8:      old_standard_altar, kennysheep_generic_room_11
D:9:      orc_0_dummy
D:10:     st_stairs_1, uniq_urug
D:11:     dpeg_lair_monsters, david_nohive_1
D:12:     uniq_sonja
D:13:     erik_vaults_1, serial_shops, nicolae_shop_trees,
          minmay_misc_feat_square, uniq_erolcha, uniq_kirke
D:14:     special_room, basic_altar, minmay_staircase_bubble, grunt_decor_cap,
          kennysheep_pointless_box
D:15:     grunt_enter_depths_magical_seal, uniq_azrael
Lair:1:   wad_woods_stonehenge, st_stairs_5
Lair:3:   nicolae_swamp_entry_splash_gauntlet, grunt_megastairs_1
Lair:4:   dummy_snake_entry, tgw_fedhas
Lair:6:   slime_altar_2, lemuel_fruit_tree, grunt_megastairs_2, uniq_snorg
Lair:7:   infiniplex_staircase_pool, serial_bayou_shore_b
Lair:8:   evil_forest, minivault_24
Swamp:1:  evilmike_swamp_ruin_house_2
Swamp:2:  nicolae_swamp_orc_logging_accident
Swamp:3:  hangedman_swamp_pad, infiniplex_staircase_pool_2
Swamp:4:  swamp_old_school
Snake:1:  kennysheep_snake
Snake:2:  serial_shops, shop
Snake:3:  serial_bayou_lagoon_a, st_stairs_12, uniq_asterion, uniq_roxanne
Snake:4:  grunt_snake_rune_serpentine_throne, st_stairs_14,
          nicolae_snake_springs
Slime:1:  cheibrodos_slime_lost_civilization_5
Slime:2:  nicolae_slime_welcoming_committee
Slime:4:  basic_altar, uniq_dissolution
Orc:1:    serial_shops, shop, lightli_volcano_entry_magma_tube
Orc:2:    grunt_orc_gardens, grunt_orc_garden, grunt_orc_garden,
          grunt_orc_garden, grunt_orc_garden, basic_altar
Elf:1:    elf_arrival_001, minmay_elf_demonology
Elf:2:    serial_shops, shop_statue
Elf:3:    elf_hall, uniq_saint_roka
Vaults:1: ontoclasm_vaults_claustrophobia, ontoclasm_vaults_ring_square,
          grunt_vaults_diagonal, v_alt_pattern_3, vaults_mumra_hex,
          ontoclasm_vaults_ring_square, grunt_vaults_swirl,
          ontoclasm_vaults_idyll, v_misc_18, grunt_vaults_focal,
          grunt_vaults_funnel, vaults_mumra_minichess_inversion,
          nicolae_vaults_little_squares_1, hangedman_vaults_maws,
          nicolae_vaults_shelves_hall
Vaults:2: nicolae_vaults_what_the_h, hangedman_vaults_corner_blocks,
          minmay_crypt_entry_simple_round, vaults_dpeg_cross,
          nicolae_vaults_circle_grid_a, nicolae_vaults_little_squares_6,
          ontoclasm_vaults_eye, nicolae_vaults_display_case, v_misc_13,
          serial_shops, shop
Vaults:3: vaults_room_fancy_cross, v_misc_15, vaults_room_stairs_pillars,
          v_misc_14, v_misc_4, v_alt_pattern_1, st_spiral_rooms,
          nicolae_vaults_diagonal_hallway_7, vaults_mumra_lcd,
          vaults_room_ringed_pool, vaults_room_octagon, v_alt_pattern_1,
          ontoclasm_vaults_gateway, ontoclasm_vaults_idyll, v_alt_pattern_6,
          uniq_margery
Vaults:4: v_misc_26, nicolae_vaults_theta, nicolae_vaults_circle_grid_b,
          hangedman_vaults_stagger, nicolae_vaults_ring_of_whatevers, v_misc_33,
          ontoclasm_vaults_chip, v_misc_22, serial_shops, bzr_entry_safe
Crypt:1:  minmay_misc_feat_alley, hex_large, grunt_crypt_arrival_split,
          uniq_jorgrun
Crypt:2:  basic_altar
Crypt:3:  grunt_crypt_end_deaths_head, uniq_xtahua
Depths:1: hell_entry, minmay_guarded_unrand_zonguldrok, grunt_megastairs_5
Depths:2: minmay_connected_boxes_in_corner, rand_demon_pan_entry_8, hell_entry,
          basic_stair_grate_trap, infiniplex_staircase_pillars_1, uniq_wiglaf
Depths:3: radiant_caverns_b_rkd, hell_entry, pan_entry
Depths:4: minmay_expanding_circles, hangedman_coc_ice_floe, serial_bayou_pond_e,
          abyss_entry, uniq_boris
Depths:5: evilmike_zot_entry_round, enter_ziggurat_a, pf_hell_entry_tar_river,
          serial_bayou_ford_a, basic_stair_grate_trap
Zot:1:    st_stairs_9, grunt_megastairs_3
Zot:2:    grunt_zot_stairs_mandelzot
Zot:3:    kennysheep_blocky_room, zot_minivault_1, lemuel_elevator
Abyss:2:  guppyfry_abyss_exit_glass_guarded
Abyss:3:  evilmike_abyss_exit_chaos, abyss_rune_water_cross, abyss_exit_lava,
          minivault_28
Abyss:4:  evilmike_abyss_exit_mutagenic, grunt_abyss_rune_wretched_hive
Zig:8:    ziggurat_pillar_centre_c
Bazaar:   bazaar_minmay_generic_island

Skill      XL: |  1  2  3  4  5  6  7  8  9 10 11 12 13 14 15 16 17 18 19 20 21 22 23 24 25 26 27 |
---------------+----------------------------------------------------------------------------------+-----
Invocations    | 3 4 5 6 7 8 9 11 12 13 15 | 15.8
Axes           | 3 4 5 6 7 10 12 14 15 16 18 19 20 21 22 23 24 27 | 27.0
Armour         | 5 7 9 11 12 13 14 15 16 17 18 19 20 21 | 21.8
Fighting       | 6 9 10 12 13 14 15 16 17 18 21 | 21.0
Shields        | 6 8 10 11 12 13 15 17 19 20 21 22 | 22.0
Charms         | 2 18 | 18.4
Earth Magic    | 17 | 17.0
Spellcasting   | 21 | 21.5
Hexes          | 17 | 17.2
Air Magic      | 6 |  6.4
Conjurations   | 2 |  2.2
Transmutations | 5 |  5.9
Dodging        | |  0.8

Action                   |  1- 3 |  4- 6 |  7- 9 | 10-12 | 13-15 | 16-18 | 19-21 | 22-24 | 25-27 || total
-------------------------+-------+-------+-------+-------+-------+-------+-------+-------+-------++-------
Melee: Hand axe          |    90 |   112 |       |       |       |       |       |       |       ||   202
       Mace              |       |    61 |   192 |       |       |       |       |       |       ||   253
       Battleaxe         |       |       |   162 |   592 |   975 |  1372 |  1491 |  1532 |   695 ||  6819
       Executioner's axe |       |       |       |       |       |       |       |       |  4119 ||  4119
Throw: Tomahawk          |       |       |       |     6 |     7 |    13 |    18 |       |    18 ||    62
 Cast: Regeneration      |       |       |       |       |       |       |       |       |   136 ||   136
       Silence           |       |       |       |       |       |       |       |       |    17 ||    17
       Deflect Missiles  |       |       |       |       |       |       |       |       |     2 ||     2
Invok: Depart the Abyss  |     1 |       |       |       |       |       |       |       |       ||     1
       Banish            |       |       |     4 |    20 |    29 |     3 |     1 |       |    11 ||    68
       Bend Space        |       |       |       |       |     1 |       |       |       |     1 ||     2
       Enter the Abyss   |       |       |       |       |       |       |       |       |     1 ||     1
 Abil: Dig               |       |     1 |     1 |     8 |    10 |    12 |    44 |     8 |    46 ||   130
       Shaft Self        |       |       |       |     1 |       |       |       |       |       ||     1
       Stop Flying       |       |       |       |       |       |       |       |       |     1 ||     1
       Evoke Flight      |       |       |       |       |       |       |       |       |     1 ||     1
Evoke: Wand              |       |       |       |       |       |       |     1 |       |    11 ||    12
       Phial of floods   |       |       |       |       |       |       |     1 |       |       ||     1
       Phantom mirror    |       |       |       |       |       |       |       |       |     1 ||     1
  Use: Potion            |       |       |     2 |     1 |     8 |     7 |     7 |     3 |    32 ||    60
       Scroll            |       |       |     1 |    29 |     7 |     4 |     8 |     2 |    45 ||    96
 Stab: Invisible         |       |     2 |       |       |       |     4 |       |       |       ||     6
       Distracted        |       |       |       |       |     1 |       |     1 |       |     2 ||     4
       Confused          |       |       |       |       |       |     1 |       |       |       ||     1
  Eat: Chunk             |       |     7 |    15 |    32 |    39 |    38 |    25 |    21 |    66 ||   243
       Meat ration       |       |       |     1 |       |       |     1 |     1 |       |     3 ||     6
       Pizza             |       |       |       |     2 |     1 |       |     1 |     2 |     3 ||     9
       Royal jelly       |       |       |       |     1 |     1 |       |       |       |     4 ||     6
       Bread ration      |       |       |       |     1 |     2 |     2 |     2 |     1 |     6 ||    14
       Fruit             |       |       |       |       |     4 |       |       |     3 |     4 ||    11
       Beef jerky        |       |       |       |       |     1 |     2 |     2 |     2 |     1 ||     8
